 Dungeon Crawl Stone Soup version 0.28-a0-861-ge64d6db94f (webtiles) character file.

Game seed: 4065492760390386831

4 vurker the Gusty (level 1, 0/10 HPs)
             Began as a Tengu Air Elementalist on Nov 15, 2021.
             Slain by a jackal (1 damage)
             ... on level 1 of the Dungeon.
             The game lasted 00:00:23 (31 turns).

vurker the Gusty (Tengu Air Elementalist)             Turns: 31, Time: 00:00:23

Health: 0/10       AC:  2    Str:  8    XL:     1   Next: 60%
Magic:  0/4        EV: 12    Int: 15    God:
Gold:   0          SH:  0    Dex: 14    Spells: 3/4 levels left

rFire   . . .      SeeInvis .   (no weapon)
rCold   . . .      Faith    .   (no shield)
rNeg    . . .      Spirit   .   a - +0 robe
rPois   .          Reflect  .   (helmet restricted)
rElec   .          Harm     .   (no cloak)
rCorr   .          Rampage  .   (no gloves)
Will    .....                   (boots unavailable)
Stlth   ++........              (no amulet)
HPRegen 0.03/turn               (no ring)
MPRegen 0.09/turn               (no ring)

@: no status effects
A: beak, talons 3
a: no special abilities


You were on level 1 of the Dungeon.
You visited 1 branch of the dungeon, and saw 1 of its levels.

Inventory:

Armour
 a - a +0 robe (worn)
Scrolls
 b - a scroll of fog {unknown}


   Skills:
 + Level 0.1 Fighting
 - Level 2.1 Dodging
 - Level 2.0 Stealth
 * Level 2.1 Spellcasting
 + Level 1.5 Conjurations
 * Level 4.1 Air Magic


You had 3 spell levels left.
You knew the following spells:

 Your Spells              Type           Power      Damage    Failure   Level
a - Shock                 Conj/Air       40%        1d5       7%          1

Your spell library contained the following spells:

 Spells                   Type           Power      Damage    Failure   Level
 Static Discharge         Conj/Air       10%        N/A       11%         2
 Swiftness                Air            14%        N/A       12%         3
 Airstrike                Air            7%         N/A       36%         4


Dungeon Overview and Level Annotations

Branches:
Dungeon (1/15)

Altars:


Innate Abilities, Weirdness & Mutations

You have a beak for a mouth.
You have claws for feet.


Message History

The jackal barks!
You see here a scroll labelled BUOSMI HEYZYJ.
b - a scroll labelled BUOSMI HEYZYJ A jackal comes into view.
A jackal comes into view.
The jackal misses you.
The jackal moves out of view.
An endoplasm comes into view.
Found 19 stones.
Aim: a jackal (60% to hit)
The zap hits the jackal.
The endoplasm quivers.
The jackal barely misses you.
Aim: a jackal (moderately wounded, 60% to hit)
The zap hits the jackal.
The jackal barely misses you. x2
Aim: a jackal (heavily wounded, 60% to hit)
The zap hits the jackal.
The jackal bites you.
Aim: a jackal (almost dead, 60% to hit)
The zap misses the jackal.
The jackal closely misses you. x2
You hit the jackal but do no damage. You claw the jackal.
You kill the jackal!
You hit the endoplasm but do no damage. The endoplasm freezes you.
You are frozen.
* * * LOW HITPOINT WARNING * * *
You see here a jackal corpse.
The jackal barks! x2; You hear a bark!
The jackal bites you.
* * * LOW HITPOINT WARNING * * *
The jackal closely misses you. x2
You hit the jackal but do no damage. You claw the jackal.
Your peck misses the jackal.
A jackal comes into view.
The jackal barks!
You hit the jackal but do no damage. You claw the jackal, but do no damage.
Your peck misses the jackal. The jackal barely misses you. x2
The jackal closely misses you.
You hit the jackal.
You kill the jackal!
The jackal bites you.
* * * LOW HITPOINT WARNING * * *
The jackal closely misses you. The jackal bites you.
* * * LOW HITPOINT WARNING * * *
You see here a jackal corpse.
The zap hits the jackal but does no damage.
The zap hits the endoplasm. x2
You kill the endoplasm!
The zap hits the jackal.
The jackal barely misses you. The jackal misses you. The jackal bites you.
You die...

...#...##
####.#...#..###.#
........#.#......
.......#†..#
..#######.#######
#≈≈#...†)..#≈≈#
#≈#.........#≈#
##...hh......##
#.....@.......#
#.............#
#.............#
#......<......#
#.............#
#.............#
#.............#
##...........##
#≈#.........#≈#


You could see 2 jackals.

Vanquished Creatures
  An endoplasm (D:1)
  2 jackals (D:1)
3 creatures vanquished.

Notes
Turn   | Place    | Note
-------+----------+-------------------------------------------
     0 | D:1      | vurker the Tengu Air Elementalist began the quest for the
                  | Orb.
     0 | D:1      | Reached XP level 1. HP: 10/10 MP: 4/4
    31 | D:1      | Slain by a jackal

Illustrated notes

Levels and vault maps discovered:
D:1:      psy_arrival_dodecagon, layout_loops_ring,
          chequers_ecumenical_altar_twisty

Action                   || total
-------------------------++-------
Melee: Unarmed           ||     5
       Kick              ||     3
 Cast: Shock             ||     5
Dodge: Dodged            ||    14

Table legend: (Time is in decaauts)
 A = Elapsed time spent in this place.
 B = Non-inter-level travel time spent in this place.
 C = Inter-level travel time spent in this place.
 D = Time resting spent in this place.
 E = Time spent auto-exploring this place.
 F = Levels seen in this place.
 G = Mean time per level.
                   A        B        C        D        E       F      G
               +--------+--------+--------+--------+--------+-----+--------+
         Total |     31 |     31 |      0 |      0 |      6 |   1 |   31.0 |
       Dungeon |     31 |     31 |      0 |      0 |      6 |   1 |   31.0 |
               +--------+--------+--------+--------+--------+-----+--------+

Top non-repeatable levels by time:
     D:1: 31 daAuts
